 Dungeon Crawl Stone Soup version 0.26-a0-61-g6c07f0ee8d (webtiles) character file.

Game seed: 16351490384174128272

1625766 MisterFreud the Hoplite (level 27, 198/198 HPs)
             Began as a Gnoll Fighter on June 9, 2020.
             Was the Champion of Ashenzari.
             Escaped with the Orb
             ... and 3 runes!
             The game lasted 03:16:41 (78170 turns).

MisterFreud the Hoplite (Gnoll Fighter)            Turns: 78170, Time: 03:16:42

Health: 198/198    AC: 46    Str: 17    XL:     27
Magic:  36/36      EV: 30    Int: 27    God:    Ashenzari [******]
Gold:   4013       SH: 30    Dex: 21    Spells: 37/62 levels left

rFire    + . .     SeeInvis +   Y - +9 demon trident (vamp) (curse)
rCold    + + .     Gourm    .   F - +1 tower shield (curse)
rNeg     + . .     Faith    .   l - +10 pearl dragon scales (curse)
rPois    .         Spirit   .   v - +2 helmet "Yleopriasi" {MR+ Dex+5} (curse)
rElec    +         Reflect  +   e - +1 cloak of Starlight {rElec rC+ EV+4 Stlth--} (curse)
rCorr    +         Harm     .   a - +1 pair of gloves of Nesihef {Int+5} (curse)
MR       +++++     Clarity  +   c - +2 pair of boots (curse)
Stlth    ++........             K - amulet of reflection (curse)
HPRegen  0.43/turn              Z - ring of Free Expression {+Fly MR+} (curse)
MPRegen  0.25/turn              w - ring of Lovahip {rF+ rC+ rCorr} (curse)

@: studying Shields
A: distributed training, fangs 1, hooves 1, molten scales 1, deterioration 1,
frail 1, low mp 2, magic resistance 1, inhibited regeneration, weak 1, subdued
magic 1, strong nose
0: Orb of Zot
}: 3/15 runes: decaying, serpentine, silver
a: Curse Item, Scrying, Renounce Religion, Evoke Flight


You escaped.
You worshipped Ashenzari.
Ashenzari was exalted by your worship.
You were not hungry.

You visited 12 branches of the dungeon, and saw 52 of its levels.
You visited the Abyss 1 time.
You visited 1 bazaar.
You also visited: Sewer, Gauntlet and Ice Cave.

You collected 8899 gold pieces.
You spent 4886 gold pieces at shops.

Inventory:

Hand Weapons
 Y - a cursed +9 vampiric demon trident (weapon)
Missiles
 k - 51 boomerangs (quivered)
Armour
 a - the cursed +1 pair of gloves of Nesihef (worn) {Int+5}
   (You found it in an ice cave)

   It affects your intelligence (+5).
   It has a curse placed upon it.
 c - a cursed +2 pair of boots (worn)
 e - the cursed +1 cloak of Starlight (worn) {rElec rC+ EV+4 Stlth--}
   (You bought it in a shop on level 3 of the Elven Halls)

   It affects your evasion (+4).
   It protects you from cold.
   It insulates you from electricity.
   It makes you much less stealthy.
   It has a curse placed upon it.
 l - cursed +10 pearl dragon scales (worn)
 v - the cursed +2 helmet "Yleopriasi" (worn) {MR+ Dex+5}
   (You bought it in a shop on level 2 of the Orcish Mines)

   It affects your dexterity (+5).
   It affects your resistance to hostile enchantments.
   It has a curse placed upon it.
 F - a cursed +1 tower shield (worn)
Jewellery
 w - the cursed ring of Lovahip (right hand) {rF+ rC+ rCorr}
   (You found it in a Gauntlet)

   [ring of resist corrosion]

   It protects you from fire.
   It protects you from cold.
   It provides partial protection from all sources of acid and corrosion.
   It has a curse placed upon it.
 K - a cursed amulet of reflection (around neck)
 S - the amulet of Veepau {Regen+ Str+4 Int+3}
   (You took it off a yellow draconian on level 1 of the Realm of Zot)

   [amulet of regeneration]

   It affects your strength (+4).
   It affects your intelligence (+3).
   It increases your rate of regeneration.
 U - an uncursed amulet of regeneration
 Z - the cursed ring of Free Expression (left hand) {+Fly MR+}
   (You found it in a Gauntlet)

   [ring of protection from magic]

   It affects your resistance to hostile enchantments.
   It lets you fly.
   It has a curse placed upon it.
Wands
 b - a wand of digging (9)
 r - a wand of paralysis (13)
 H - a wand of disintegration (23)
 J - a wand of enslavement (19)
 L - a wand of polymorph (58)
 Q - a wand of iceblast (32)
 T - a wand of clouds (1)
Scrolls
 h - 14 scrolls of remove curse
 j - 9 scrolls of fog
 m - 16 scrolls of fear
 n - a scroll of silence
 o - 15 scrolls of blinking
 p - 29 scrolls of identify
 t - 32 scrolls of teleportation
 x - 9 scrolls of amnesia
 z - a scroll of magic mapping
 O - 2 scrolls of enchant weapon
 P - 3 scrolls of summoning
Potions
 d - 4 potions of might
 g - 3 potions of berserk rage
 i - 2 potions of invisibility
 q - 16 potions of curing
 s - 6 potions of mutation
 B - 3 potions of haste
 C - 3 potions of magic
 D - 12 potions of brilliance
 N - 4 potions of cancellation
 V - 2 potions of resistance
 W - 6 potions of ambrosia
Books
 M - a manual of Shields
Miscellaneous
 u - a tin of tremorstones (3/3)
 y - 4 boxes of beasts
 G - a lightning rod (4/4)
 I - 5 phantom mirrors
 R - a phial of floods
Comestibles
 f - 56 rations


   Skills:
 + Level 19.0 Fighting
 + Level 18.7 Short Blades
 + Level 18.2 Long Blades
 + Level 18.2 Axes
 + Level 18.2 Maces & Flails
 + Level 18.2(21.9) Polearms
 + Level 18.2 Staves
 + Level 18.2 Slings
 + Level 18.2 Bows
 + Level 18.2 Crossbows
 + Level 18.2 Throwing
 + Level 19.0(22.6) Armour
 + Level 18.2(21.9) Dodging
 + Level 18.2 Stealth
 + Level 21.7(23.8) Shields
 + Level 18.2 Unarmed Combat
 + Level 18.2 Spellcasting
 + Level 15.7(19.6) Conjurations
 + Level 15.7(19.6) Hexes
 + Level 15.7(19.6) Charms
 + Level 15.7(19.6) Summonings
 + Level 15.7(19.6) Necromancy
 + Level 15.7(19.6) Translocations
 + Level 15.7(19.6) Transmutations
 + Level 15.7(19.6) Fire Magic
 + Level 15.7(19.6) Ice Magic
 + Level 15.7(19.6) Air Magic
 + Level 15.7(19.6) Earth Magic
 + Level 15.7(19.6) Poison Magic
 + Level 19.6 Invocations
 + Level 18.2(21.9) Evocations


You had 37 spell levels left.
You knew the following spells:

 Your Spells              Type           Power        Failure   Level  Hunger
a - Ozocubu's Armour      Chrm/Ice       #######.     0%          3    None
b - Frozen Ramparts       Ice            ######       0%          3    None
c - Summon Lightning Spi  Summ/Air       #######.     0%          4    None
d - Irradiate             Conj/Tmut      #######...   1%          5    None
e - Borgnjor's Vile Clut  Necr/Erth      #######...   1%          5    None
f - Aura of Abjuration    Summ           #######...   1%          5    None

Your spell library contained the following spells:

 Spells                   Type           Power        Failure   Level  Hunger
 Animate Skeleton         Necr           N/A          0%          1    None
 Apportation              Tloc           ######       0%          1    None
 Beastly Appendage        Tmut           ######       0%          1    None
 Corona                   Hex            #######      0%          1    None
 Foxfire                  Conj/Fire      ####         0%          1    None
 Freeze                   Ice            ####         0%          1    None
 Infusion                 Chrm           ####         0%          1    None
 Pain                     Necr           ####         0%          1    None
 Sandblast                Erth           ######       0%          1    None
 Summon Small Mammal      Summ           ####         0%          1    None
 Blink                    Tloc           N/A          0%          2    None
 Call Imp                 Summ           #######.     0%          2    None
 Corpse Rot               Necr/Air       N/A          0%          2    None
 Passwall                 Tmut/Erth      #######.     0%          2    None
 Poisonous Vapours        Pois/Air       ######       0%          2    None
 Searing Ray              Conj           ######       0%          2    None
 Shroud of Golubria       Chrm/Tloc      ######       0%          2    None
 Sticks to Snakes         Tmut           #######.     0%          2    None
 Sublimation of Blood     Necr           #######...   0%          2    None
 Call Canine Familiar     Summ           #######.     0%          3    None
 Conjure Flame            Conj/Fire      #######.     0%          3    None
 Gell's Gravitas          Tloc           #######...   0%          3    None
 Ignite Poison            Fire/Tmut/Pois #######.     0%          3    None
 Inner Flame              Hex/Fire       #######.     0%          3    None
 Lesser Beckoning         Tloc           #######...   0%          3    None
 Mephitic Cloud           Conj/Pois/Air  #######.     0%          3    None
 Recall                   Summ/Tloc      N/A          0%          3    None
 Spider Form              Tmut/Pois      #######...   0%          3    None
 Static Discharge         Conj/Air       #######.     0%          3    None
 Stone Arrow              Conj/Erth      ######       0%          3    None
 Summon Guardian Golem    Hex/Summ       #######.     0%          3    None
 Teleport Other           Tloc           #######.     0%          3    None
 Vampiric Draining        Necr           #######...   0%          3    None
 Animate Dead             Necr           N/A          0%          4    None
 Dispel Undead            Necr           #######.     0%          4    None
 Hailstorm                Conj/Ice       #######.     0%          4    None
 Ice Form                 Ice/Tmut       #######.     0%          4    None
 Leda's Liquefaction      Hex/Erth       #######...   0%          4    None
 Petrify                  Tmut/Erth      #######.     0%          4    None
 Sticky Flame             Conj/Fire      #######.     0%          4    None
 Summon Ice Beast         Ice/Summ       #######.     0%          4    None
 Agony                    Necr           #######.     1%          5    None
 Alistair's Intoxication  Tmut/Pois      #######.     1%          5    None
 Blade Hands              Tmut           #######...   1%          5    None
 Excruciating Wounds      Chrm/Necr      #######...   1%          5    None
 Fireball                 Conj/Fire      #######...   1%          5    None
 Lee's Rapid Deconstruct  Erth           #######...   1%          5    None
 Lightning Bolt           Conj/Air       #######...   1%          5    None
 Silence                  Hex/Air        #######...   1%          5    None
 Summon Demon             Summ           #######...   1%          5    None
 Summon Forest            Summ/Tloc      #######...   1%          5    None
 Summon Mana Viper        Hex/Summ       #######.     1%          5    None
 Conjure Ball Lightning   Conj/Air       #######...   1%          6    ##.....
 Death Channel            Necr           #######...   1%          6    ##.....
 Eringya's Noxious Bog    Tmut/Pois      #######...   1%          6    ##.....
 Hydra Form               Tmut           #######...   1%          6    ##.....
 Iron Shot                Conj/Erth      #######...   1%          6    ##.....
 Shadow Creatures         Summ           N/A          1%          6    ##.....
 Simulacrum               Ice/Necr       #######...   1%          6    ##.....
 Summon Hydra             Summ           #######...   1%          7    #####..
 Ignition                 Fire           #######...   8%          8    ######.
 Shatter                  Erth           #######...   78%         9    #######
 Tornado                  Air            #######...   78%         9    #######
 Passage of Golubria      Tloc           Unusable     N/A         4    N/A

Dungeon Overview and Level Annotations

Branches:
Dungeon (15/15)            Temple (1/1) D:4            Lair (6/6) D:10
  Swamp (4/4) Lair:4        Snake (4/4) Lair:3        Slime (0/5) Lair:6
    Orc (2/2) D:11            Elf (3/3) Orc:2        Vaults (5/5) D:13
  Crypt (1/3) Vaults:2     Depths (5/5) D:15           Hell (visited)
    Zot (5/5) Depths:5      Sewer (visited)           IceCv (visited)
Gauntlet (visited)
    Dis: Hell:1         Geh: Hell:1         Coc: Hell:1         Tar: Hell:1

Altars:
Ashenzari
Cheibriados
Dithmenos
Elyvilon
Fedhas
Gozag
Hepliaklqana
Kikubaaqudgha
Makhleb
Nemelex Xobeh
Okawaru
Qazlal
Ru
Sif Muna
Trog
Uskayaw
Vehumet
Wu Jian
Xom
Yredelemnul
Zin
The Shining One
Beogh
Jiyva

Shops:
D:12 ?   Orc:1 *   Orc:2 =[(*?   Elf:2 ?   Elf:3 [   Snake:3 *!   Vaults:1 [
Vaults:4 (

Portals:
Hell: Depths:1 Depths:2 Depths:3 Depths:4 Depths:5
Abyss: Depths:3 Depths:4 Depths:5
Pandemonium: Depths:3
Ziggurat: Depths:3

Annotations:
D:5 2 runed translucent doors
D:8 exclusion: ice statue
D:10 3 runed translucent doors, whitenoisemaker's ghost, novice DrCj
Hell Geryon


Innate Abilities, Weirdness & Mutations

Your experience applies equally to all skills.
You have very sharp teeth.
Your uncanny sense of smell can sniff out nearby items.
You have large cloven feet.
You are partially covered in molten scales. (AC +2)
Your body sometimes deteriorates upon taking damage.
You are frail. (-10% HP)
Your magical capacity is very low. (-20% MP)
You are resistant to hostile enchantments. (MR+)
You do not regenerate when monsters are visible.
You are weak. (Str -2)
Your spells are a little easier to cast, but a little less powerful.


Message History

You bite the great orb of eyes, but do no damage.
The great orb of eyes is moderately wounded.
You impale the great orb of eyes!!
You bite the great orb of eyes, but do no damage.
The great orb of eyes is severely wounded.
You block the great orb of eyes's attack.
You block the great orb of eyes's attack.
You hit the great orb of eyes but do no damage.
You bite the great orb of eyes.
The great orb of eyes is severely wounded.
You block the great orb of eyes's attack.
You puncture the great orb of eyes!
You bite the great orb of eyes, but do no damage.
The great orb of eyes is almost dead.
You puncture the great orb of eyes!
You kill the great orb of eyes!
No target in view!
There is an open door here.
There is a staircase leading out of the dungeon here.
You have escaped!

##...#.....#.....................
#..............#######...###.####
...######..##.## ###..## #.# ...#
#..#..)# ###....# #.## ...#
#..#...###...##.# #..# ..##
#............#..# ##.# ..#
#..#..⌠...⌠..#.## #.#
..#######..#...###...#.# #.#
...........#...#@#...#.# #÷#
..........##...#'#..##.# #.#
..........#...⌠...⌠.##.# #.#
#.........#)#.......##.# #.#
#................#.....# #.#
#(.)..........##.#####.# #.#
..(........#####...# #.# #.#
...........### ###.# #.# #.###
.............# #.# #.# ##....


There were no monsters in sight!

Vanquished Creatures
  2 orbs of fire (Zot:5)
  2 ancient liches
  A juggernaut (Depths:1)
  3 Killer Klowns
  2 pandemonium lords (D:15)
  Xtahua (Vaults:3)
  2 curse toes
  2 caustic shrikes
  Nikola (Swamp:3)
  19 golden dragons
  3 bone dragons
  2 electric golems
  13 tentacled monstrosities
  2 deep elf blademasters (Elf:3)
  An Ice Fiend (IceCv)
  A lich (Depths:2)
  27 Orb Guardians
  4 quicksilver dragons
  4 titans
  2 deep elf master archers (Elf:3)
  An Executioner (D:8)
  5 sphinxes
  2 tentacled starspawn (Abyss:3)
  9 death cobs
  Donald (Elf:3)
  18 storm dragons
  2 thorn hunters
  14 shadow dragons
  9 draconian monks
  9 tengu reavers
  8 nagarajas
  12 fire giants
  3 draconian scorchers
  3 iron dragons
  5 deep elf sorcerers
  7 draconian knights
  2 orc warlords
  Louise (Swamp:3)
  6 draconian shifters
  2 ghost moths (Zot:4)
  17 frost giants
  15 vault wardens
  6 draconian stormcallers
  6 draconian annihilators
  3 deep elf elementalists
  A war gargoyle (Vaults:2)
  15 stone giants
  2 spriggan defenders (Depths:4)
  An entropy weaver (shapeshifter) (Vaults:2)
  7 ironheart preservers
  A vampire knight (Depths:4)
  An entropy weaver (Vaults:5)
  20 very ugly things
  9 green draconians
  A dire elephant (Gauntlet)
  5 deep elf annihilators
  10 black draconians
  7 deep elf demonologists
  14 red draconians
  8 spark wasps
  Azrael (D:12)
  9 white draconians
  2 purple draconians
  10 yellow draconians
  A minotaur (Gauntlet)
  Snorg (D:11)
  20 ettins
  A blizzard demon (D:15)
  7 deep elf death magi
  17 fire dragons
  18 yaktaur captains
  A green death (D:10)
  6 deep elf high priests
  A quicksilver dragon zombie (Depths:4)
  A merfolk impaler (Depths:3)
  18 naga warriors
  8 great orbs of eyes
  2 ghost crabs
  6 rakshasas
  A hydra (shapeshifter) (Vaults:5)
  28 hydras
  2 great orbs of eyes (shapeshifter)
  A spriggan air mage (Depths:5)
  A hell beast (Zot:3)
  27 vault guards
  18 ice dragons
  A catoblepas (Lair:2)
  A merfolk avatar (Lair:6)
  6 shambling mangroves
  7 centaur warriors
  28 alligators
  An alligator snapping turtle (shapeshifter) (Vaults:5)
  2 death knights
  6 deep troll earth magi
  22 ogre magi
  A tengu warrior (Depths:1)
  71 two-headed ogres
  28 dancing weapons
  An orc high priest (Orc:2)
  6 anacondas
  2 vampire magi
  6 deep troll shamans
  2 spriggan berserkers
  6 shock serpents
  6 naga sharpshooters
  A storm dragon zombie (Depths:2)
  3 shadow wraiths (Vaults:3)
  2 wretched stars (Abyss:3)
  26 deep elf knights
  3 hell knights
  A sixfirhy (Elf:3)
  7 iron trolls
  9 unseen horrors
  A death drake (shapeshifter) (Depths:4)
  7 skeletal warriors
  28 deep trolls
  4 salamander mystics
  A spatial maelstrom (Abyss:3)
  A spriggan druid (Swamp:3)
  6 swamp dragons (Swamp:4)
  4 naga ritualists
  A cherub (D:15)
  5 tengu zombies
  A shadow demon (D:9)
  6 flayed ghosts
  6 glowing orange brains
  16 ironbrand convokers
  A harpy (shapeshifter) (Vaults:2)
  15 deep elf archers
  7 harpies
  3 wizards
  18 orc knights
  4 phantasmal warriors
  A wolf spider (shapeshifter) (Vaults:5)
  51 deep elf magi
  A tengu skeleton (Vaults:3)
  A fire giant zombie (Depths:2)
  A sphinx zombie (Vaults:4)
  6 necromancers
  5 mana vipers
  A faun (shapeshifter) (Vaults:5)
  5 orc sorcerers
  37 ugly things
  5 manticores
  9 salamanders
  A sphinx skeleton (Depths:2)
  4 wolf spiders
  10 cyclopes
  A frost giant zombie (Depths:4)
  32 moths of wrath
  11 elephants
  An elephant (shapeshifter) (Depths:3)
  A dire elephant zombie (Abyss:3)
  2 black mambas (shapeshifter)
  17 vault sentinels
  26 black mambas
  A fire giant skeleton (Vaults:4)
  2 gargoyles
  A toenail golem (Zot:5)
  3 ice statues (IceCv)
  A water nymph (shapeshifter) (Depths:4)
  5 guardian serpents
  16 spiny frogs
  22 naga magi
  A smoke demon (Abyss:3)
  4 anaconda simulacra (IceCv)
  15 rime drakes
  Maggie (D:8)
  15 komodo dragons
  2 hellions
  3 kobold demonologists
  6 starcursed masses
  A tormentor (Zot:5)
  3 freezing wraiths
  A yaktaur (shapeshifter) (Vaults:5)
  8 ice devils (IceCv)
  A hellwing (D:15)
  3 tengu conjurers
  A yaktaur skeleton (Vaults:4)
  An efreet (Zot:3)
  2 ancient zymes (Abyss:3)
  46 yaktaurs
  A red devil (D:15)
  A queen bee (shapeshifter) (Depths:2)
  A troll (shapeshifter) (D:15)
  16 trolls
  A polar bear (shapeshifter) (D:13)
  A tengu simulacrum (Vaults:4)
  A meliai (shapeshifter) (Vaults:3)
  2 polar bears (Lair:6)
  A jumping spider (Vaults:5)
  A harpy skeleton (D:14)
  8 tyrant leeches
  2 hornets (shapeshifter)
  27 hornets
  A raiju (Abyss:3)
  40 slime creatures
  A blink frog (shapeshifter) (Vaults:3)
  8 bog bodies
  18 blink frogs
  7 dream sheep (Lair:4)
  7 hippogriffs
  2 air elementals
  10 water elementals
  3 redbacks (Vaults:5)
  3 dire elephant simulacra (IceCv)
  A spriggan (shapeshifter) (Vaults:1)
  A ynoxinul (Abyss:3)
  7 spriggans
  3 shadows
  8 fire elementals
  3 wraiths
  A vampire (D:14)
  3 fire bats (Lair:3)
  A yak (shapeshifter) (Vaults:4)
  35 yaks
  A hog (shapeshifter) (D:13)
  3 wyverns
  5 basilisks
  A neqoxec (Abyss:3)
  10 steam dragons (Lair:2)
  Eustachio (D:4)
  3 hungry ghosts
  A spatial vortex (Abyss:3)
  14 vampire mosquitoes
  6 large abominations
  2 harpy simulacra (IceCv)
  Edmund (D:5)
  70 nagas
  A deep troll zombie (Vaults:4)
  18 insubstantial wisps
  An iron troll simulacrum (IceCv)
  2 acid dragons
  13 small abominations
  A soldier ant (D:13)
  13 wargs
  18 water moccasins
  3 hell hounds (D:12)
  16 swamp worms
  A porcupine (shapeshifter) (Vaults:5)
  7 porcupines
  A deep troll skeleton (Vaults:4)
  36 orc warriors
  2 sky beasts
  10 swamp drakes
  3 ice beasts
  2 black bears
  An eye of draining (D:12)
  52 ogres
  16 boggarts
  2 phantoms
  3 elf skeletons
  12 crocodiles
  19 centaurs
  2 human zombies (Vaults:3)
  5 big kobolds
  24 bullfrogs
  3 earth elementals
  2 glowing shapeshifter simulacra
  A wyvern skeleton (D:6)
  4 scorpions
  A human simulacrum (Vaults:4)
  2 killer bees
  19 wights
  3 howler monkeys (D:11)
  An electric eel (Orc:2)
  8 crimson imps
  A bullfrog zombie (D:10)
  2 centaur zombies
  2 quasits
  6 jellies
  7 hounds
  31 orc wizards
  20 orc priests
  4 bullfrog skeletons
  A centaur skeleton (D:11)
  6 iguanas
  12 worker ants
  A hound skeleton (D:11)
  A gnoll (shapeshifter) (Vaults:5)
  11 gnolls
  A howler monkey skeleton (D:8)
  20 adders
  2 river rats (Sewer)
  5 shadow imps
  2 white imps
  An ufetubus (Vaults:1)
  An ooze (D:4)
  2 adder zombies
  7 worms
  A dart slug (D:1)
  6 leopard geckos
  94 orcs
  10 bats
  2 bat zombies (D:2)
  7 giant cockroaches
  13 goblins
  8 hobgoblins
  15 jackals
  5 quokkas
  2 ball pythons
  4 frilled lizards
  A goblin (shapeshifter) (Depths:3)
  A jackal skeleton (D:5)
  A jackal zombie (D:5)
  28 kobolds
  A leopard gecko zombie (D:6)
  8 rats
  A rat zombie (D:2)
  A plant (Lair:5)
  4 starspawn tentacles (Abyss:3)
2385 creatures vanquished.

Vanquished Creatures (collateral kills)
  the Lernaean hydra (Swamp:4)
  A ghoul (Vaults:3)
  An ironheart preserver (Vaults:3)
  A deep elf death mage (Vaults:3)
  A fire dragon (Vaults:3)
  A hydra (Swamp:4)
  3 two-headed ogres (Vaults:3)
  A swamp dragon (Swamp:4)
  4 ugly things (Vaults:1)
  A deep elf mage (Vaults:3)
  A black mamba (Snake:1)
  A naga (Snake:1)
  2 ogres (Vaults:3)
  A boggart (Vaults:1)
  A crimson imp (D:11)
  An orc (Vaults:3)
22 creatures vanquished.

Vanquished Creatures (others)
  A draconian knight (Zot:1)
  A nagaraja (Snake:2)
  An ice dragon (Depths:3)
  An ogre mage (Depths:2)
  2 deep elf magi
  A water elemental (Depths:5)
  A wyvern (shapeshifter) (Depths:5)
  An air elemental (Elf:1)
  An insubstantial wisp (Swamp:4)
  2 boggarts
  An orc wizard (D:9)
  A giant cockroach (D:8)
  13 fungi
  12 plants
  2 starspawn tentacles (Abyss:3)
41 creatures vanquished.

Grand Total: 2448 creatures vanquished

Notes
Turn   | Place    | Note
-------+----------+-------------------------------------------
     0 | D:1      | MisterFreud the Gnoll Fighter began the quest for the Orb.
     0 | D:1      | Reached XP level 1. HP: 23/23 MP: 1/1
    55 | D:1      | Reached XP level 2. HP: 29/29 MP: 2/2
   333 | D:1      | Reached XP level 3. HP: 35/35 MP: 3/3
   567 | D:2      | Reached skill level 1 in Invocations
   673 | D:2      | Reached skill level 1 in Long Blades
   673 | D:2      | Reached skill level 1 in Axes
   673 | D:2      | Reached skill level 1 in Maces & Flails
   673 | D:2      | Reached skill level 1 in Polearms
   673 | D:2      | Reached skill level 1 in Staves
   673 | D:2      | Reached skill level 1 in Slings
   673 | D:2      | Reached skill level 1 in Bows
   673 | D:2      | Reached skill level 1 in Crossbows
   673 | D:2      | Reached skill level 1 in Throwing
   673 | D:2      | Reached skill level 1 in Dodging
   673 | D:2      | Reached skill level 1 in Stealth
   673 | D:2      | Reached skill level 1 in Unarmed Combat
   673 | D:2      | Reached skill level 1 in Spellcasting
   673 | D:2      | Reached skill level 1 in Evocations
   784 | D:2      | Reached XP level 4. HP: 41/41 MP: 5/5
  1058 | D:2      | Reached skill level 1 in Conjurations
  1058 | D:2      | Reached skill level 1 in Hexes
  1058 | D:2      | Reached skill level 1 in Charms
  1058 | D:2      | Reached skill level 1 in Summonings
  1058 | D:2      | Reached skill level 1 in Necromancy
  1058 | D:2      | Reached skill level 1 in Translocations
  1058 | D:2      | Reached skill level 1 in Transmutations
  1058 | D:2      | Reached skill level 1 in Fire Magic
  1058 | D:2      | Reached skill level 1 in Ice Magic
  1058 | D:2      | Reached skill level 1 in Air Magic
  1058 | D:2      | Reached skill level 1 in Earth Magic
  1058 | D:2      | Reached skill level 1 in Poison Magic
  1544 | D:2      | Reached XP level 5. HP: 47/47 MP: 6/6
  1583 | D:2      | Found an ancient bone altar of Kikubaaqudgha.
  1720 | D:2      | Found a shimmering blue altar of Sif Muna.
  2036 | D:3      | You fall into a shaft and drop 2 floors!
  2036 | D:5      | Entered Level 5 of the Dungeon
  2139 | D:4      | Found a stormy altar of Qazlal.
  2328 | D:3      | Found a sacrificial altar of Ru.
  2652 | D:3      | Found a snail-covered altar of Cheibriados.
  2763 | D:4      | Reached XP level 6. HP: 44/53 MP: 8/8
  2862 | D:4      | Found a staircase to the Ecumenical Temple.
  2891 | Temple   | Entered the Ecumenical Temple
  2950 | Temple   | Became a worshipper of Ashenzari the Shackled
  2993 | D:4      | Noticed Eustachio
  3057 | D:4      | Killed Eustachio
  3057 | D:4      | Reached skill level 5 in Short Blades
  3175 | D:4      | Reached XP level 7. HP: 59/59 MP: 10/10
  3316 | D:4      | Reached skill level 7 in Shields
  3699 | D:5      | Found a large runed translucent door.
  3699 | D:5      | Found a large runed translucent door.
  3705 | D:5      | Noticed Edmund
  3724 | D:5      | Killed Edmund
  3809 | D:5      | Noticed a two-headed ogre
  3824 | D:5      | Killed a two-headed ogre
  3824 | D:5      | Reached XP level 8. HP: 27/67 MP: 10/13
  4029 | D:5      | Identified the Collected Works on the Glacier and Poisoning
  4304 | D:5      | Found a shadowy altar of Dithmenos.
  4400 | D:5      | Found a large runed translucent door.
  4401 | D:5      | Found a large runed translucent door.
  4457 | D:5      | Reached XP level 9. HP: 72/72 MP: 14/14
  4626 | D:5      | Got the morningstar of the Unspeakable One {vorpal, rF+ rN+
                  | Str+4}
  4627 | D:5      | Identified the +7 morningstar of the Unspeakable One
                  | {vorpal, rF+ rN+ Str+4} (You found it on level 5 of the
                  | Dungeon)
  4831 | D:6      | Found a shimmering altar of Xom.
  4953 | D:6      | Reached * piety under Ashenzari
  4958 | D:6      | Found a glowing drain.
  4971 | Sewer    | Entered a sewer
  5064 | Sewer    | Found a white marble altar of Elyvilon.
  5149 | D:6      | Found a shimmering altar of Xom.
  5262 | D:6      | Found a sacrificial altar of Ru.
  5262 | D:6      | Found a sparkling altar of Nemelex Xobeh.
  5373 | D:6      | Found a hazy altar of Hepliaklqana.
  5407 | D:6      | Found a glowing silver altar of Zin.
  5410 | D:6      | Noticed an angel
  5414 | D:6      | Found a shimmering altar of Xom.
  5814 | D:7      | Reached skill level 8 in Shields
  5937 | D:7      | Killed an unseen horror
  5937 | D:7      | Reached skill level 5 in Invocations
  5937 | D:7      | Reached XP level 10. HP: 19/80 MP: 15/17
  6551 | D:7      | Found a burning altar of Makhleb.
  6551 | D:7      | Noticed a blizzard demon
  6639 | D:8      | Noticed Maggie
  6653 | D:8      | Killed Maggie
  6653 | D:8      | Reached skill level 5 in Long Blades
  6653 | D:8      | Reached skill level 5 in Axes
  6653 | D:8      | Reached skill level 5 in Maces & Flails
  6653 | D:8      | Reached skill level 5 in Polearms
  6653 | D:8      | Reached skill level 5 in Staves
  6653 | D:8      | Reached skill level 5 in Slings
  6653 | D:8      | Reached skill level 5 in Bows
  6653 | D:8      | Reached skill level 5 in Crossbows
  6653 | D:8      | Reached skill level 5 in Throwing
  6653 | D:8      | Reached skill level 5 in Dodging
  6653 | D:8      | Reached skill level 5 in Stealth
  6653 | D:8      | Reached skill level 5 in Unarmed Combat
  6653 | D:8      | Reached skill level 5 in Spellcasting
  6653 | D:8      | Reached skill level 5 in Evocations
  6896 | D:8      | Noticed an ice statue
  6936 | D:8      | Reached ** piety under Ashenzari
  7148 | D:8      | Found a radiant altar of Vehumet.
  7264 | D:8      | Noticed a two-headed ogre
  7268 | D:8      | Killed a two-headed ogre
  7579 | D:9      | Found a glowing golden altar of the Shining One.
  7675 | D:9      | Noticed a two-headed ogre
  7682 | D:9      | Killed a two-headed ogre
  7797 | D:9      | Reached XP level 11. HP: 73/87 MP: 19/19
  7890 | D:9      | Found a white marble altar of Elyvilon.
  8265 | D:9      | Found a shimmering blue altar of Sif Muna.
  8701 | D:9      | Learned a level 3 spell: Frozen Ramparts
  8705 | D:9      | Learned a level 3 spell: Ozocubu's Armour
  8709 | D:10     | Entered Level 10 of the Dungeon
  8889 | D:10     | Noticed a skeletal warrior
  8919 | D:10     | Killed a skeletal warrior
  8919 | D:10     | Reached skill level 9 in Shields
  8919 | D:10     | Reached skill level 5 in Conjurations
  8919 | D:10     | Reached skill level 5 in Hexes
  8919 | D:10     | Reached skill level 5 in Charms
  8919 | D:10     | Reached skill level 5 in Summonings
  8919 | D:10     | Reached skill level 5 in Necromancy
  8919 | D:10     | Reached skill level 5 in Translocations
  8919 | D:10     | Reached skill level 5 in Transmutations
  8919 | D:10     | Reached skill level 5 in Fire Magic
  8919 | D:10     | Reached skill level 5 in Ice Magic
  8919 | D:10     | Reached skill level 5 in Air Magic
  8919 | D:10     | Reached skill level 5 in Earth Magic
  8919 | D:10     | Reached skill level 5 in Poison Magic
  9048 | D:10     | Noticed a fire dragon
  9048 | D:10     | Noticed a skeletal warrior
  9083 | D:10     | Killed a skeletal warrior
  9213 | D:10     | Found a staircase to the Lair.
  9244 | D:10     | Noticed a wizard
  9262 | D:9      | Killed a wizard
  9267 | D:9      | Killed a fire dragon
  9506 | D:10     | Killed an unseen horror
  9630 | D:10     | Noticed a skeletal warrior
  9650 | D:10     | Killed a skeletal warrior
 10102 | D:10     | Noticed a two-headed ogre
 10114 | D:10     | Killed a two-headed ogre
 10114 | D:10     | Reached XP level 12. HP: 73/96 MP: 15/22
 10543 | D:10     | Reached *** piety under Ashenzari
 10578 | D:10     | Noticed an ice dragon
 10579 | D:10     | an ice dragon changed into a tyrant leech
 10849 | D:10     | Found a runed translucent gate.
 10850 | D:10     | Found a runed translucent gate.
 10851 | D:10     | Found a runed translucent gate.
 10851 | D:10     | Noticed a ten-headed hydra
 10852 | D:10     | Noticed whitenoisemaker's ghost (novice DrCj)
 10852 | D:10     | Noticed a 12-headed hydra
 10853 | D:10     | Identified the cursed +1 war axe "Nydghij" {flame, rPois
                  | rN+ Str+2}
 11078 | D:11     | Noticed Snorg
 11168 | D:11     | Killed Snorg
 11376 | D:11     | Noticed an eight-headed hydra
 11387 | D:11     | Killed an eight-headed hydra
 11685 | D:11     | Found a staircase to the Orcish Mines.
 12219 | D:12     | Found Sec Qofreli's Magic Scroll Shoppe.
 12224 | D:12     | Bought a scroll of blinking for 105 gold pieces
 12224 | D:12     | Bought a scroll of teleportation for 42 gold pieces
 12224 | D:12     | Bought a scroll of blinking for 105 gold pieces
 12224 | D:12     | Bought a scroll of blinking for 105 gold pieces
 12224 | D:12     | Bought a scroll of fog for 28 gold pieces
 12224 | D:12     | Bought a scroll of remove curse for 42 gold pieces
 12299 | D:12     | Noticed Azrael
 12339 | D:12     | Killed Azrael
 12339 | D:12     | Reached skill level 10 in Fighting
 12339 | D:12     | Reached skill level 10 in Armour
 12339 | D:12     | Reached skill level 10 in Shields
 12660 | D:12     | Noticed a two-headed ogre
 12671 | D:12     | Killed a two-headed ogre
 12671 | D:12     | Reached XP level 13. HP: 103/103 MP: 18/24
 12794 | D:12     | Identified the cursed +0 mace "Enerr" {venom, *Noise Dex+5}
 14078 | D:13     | Reached **** piety under Ashenzari
 14170 | D:13     | Noticed a fire dragon
 14181 | D:13     | Killed a fire dragon
 14200 | D:13     | Found a gate to the Vaults.
 14625 | Lair:1   | Entered Level 1 of the Lair of Beasts
 15337 | Lair:1   | Reached ***** piety under Ashenzari
 16151 | Lair:2   | Reached XP level 14. HP: 108/111 MP: 21/26
 16872 | Lair:3   | Reached skill level 10 in Short Blades
 17305 | Lair:3   | Found a staircase to the Snake Pit.
 17663 | Lair:4   | Found a staircase to the Swamp.
 18038 | Lair:4   | Reached skill level 11 in Shields
 18512 | Lair:4   | Reached ****** piety under Ashenzari
 18741 | Lair:5   | Found a gate leading to a gauntlet.
 18750 | Gauntlet | Entered a Gauntlet
 18750 | Gauntlet | Found a transporter.
 18750 | Gauntlet | Found a transporter.
 18754 | Gauntlet | Found a transporter.
 18755 | Gauntlet | Found a transporter.
 18757 | Gauntlet | Found a transporter.
 18779 | Gauntlet | Found a transporter.
 18783 | Gauntlet | Found a transporter.
 18862 | Gauntlet | Noticed a dire elephant
 18872 | Gauntlet | Found a transporter.
 18874 | Gauntlet | Identified the ring "Hunudiewop" {Int+3 SInv}
 18876 | Gauntlet | Found a transporter.
 18894 | Gauntlet | Killed a dire elephant
 18901 | Gauntlet | Reached skill level 10 in Invocations
 18909 | Gauntlet | Found a transporter.
 18922 | Gauntlet | Found a transporter.
 18925 | Gauntlet | Identified a scroll of acquirement
 18935 | Gauntlet | Found a runed translucent gate.
 18936 | Gauntlet | Found a runed translucent gate.
 18937 | Gauntlet | Found a runed translucent gate.
 18948 | Gauntlet | Identified the ring of Free Expression {+Fly MR+}
 18991 | Gauntlet | Found a transporter.
 18992 | Gauntlet | Identified the ring of Lovahip {rF+ rC+ rCorr}
 19038 | Gauntlet | Found a transporter.
 19073 | Gauntlet | Identified the +8 flail of Destiny {freeze, rElec rF+ Dex-4
                  | SInv}
 20347 | Lair:6   | Entered Level 6 of the Lair of Beasts
 20354 | Lair:6   | Found a staircase to the Slime Pits.
 20355 | Lair:6   | Found a viscous altar of Jiyva.
 20768 | Lair:6   | Reached XP level 15. HP: 119/119 MP: 23/28
 21251 | Lair:6   | HP: 2/119 [drowned by a drowned soul[a merfolk avatar]
                  | (15)]
 22753 | D:15     | Entered Level 15 of the Dungeon
 23103 | D:15     | Reached skill level 10 in Long Blades
 23103 | D:15     | Reached skill level 10 in Axes
 23103 | D:15     | Reached skill level 10 in Maces & Flails
 23103 | D:15     | Reached skill level 10 in Polearms
 23103 | D:15     | Reached skill level 10 in Staves
 23103 | D:15     | Reached skill level 10 in Slings
 23103 | D:15     | Reached skill level 10 in Bows
 23103 | D:15     | Reached skill level 10 in Crossbows
 23103 | D:15     | Reached skill level 10 in Throwing
 23103 | D:15     | Reached skill level 10 in Dodging
 23103 | D:15     | Reached skill level 10 in Stealth
 23103 | D:15     | Reached skill level 10 in Unarmed Combat
 23103 | D:15     | Reached skill level 10 in Spellcasting
 23103 | D:15     | Reached skill level 10 in Evocations
 23109 | D:15     | Learned a level 4 spell: Summon Lightning Spire
 23115 | D:15     | Learned a level 5 spell: Irradiate
 23237 | D:15     | Found a shattered altar of Ashenzari.
 23274 | D:15     | Found a blossoming altar of Fedhas.
 24077 | D:15     | Found a staircase to the Depths.
 24261 | Orc:1    | Entered Level 1 of the Orcish Mines
 24352 | Orc:2    | Entered Level 2 of the Orcish Mines
 24520 | Orc:2    | Found a staircase to the Elven Halls.
 24536 | Orc:1    | Found a bloodstained altar of Trog.
 24704 | Orc:1    | Found Qeam's Assorted Antiques.
 25097 | Orc:2    | Found Manon's Magic Scroll Emporium.
 25105 | Orc:2    | Bought a scroll of teleportation for 42 gold pieces
 25105 | Orc:2    | Bought a scroll of blinking for 105 gold pieces
 25172 | Orc:2    | Noticed an orc warlord
 25215 | Orc:2    | Found a roughly hewn altar of Beogh.
 25231 | Orc:2    | Killed an orc warlord
 25545 | Orc:2    | Found Guprei's Antique Weapon Shop.
 25592 | Orc:2    | Found Wuhesuk's Jewellery Shop.
 25725 | Orc:2    | Found Fodd's General Store.
 25736 | Orc:2    | Bought the +2 helmet "Yleopriasi" {MR+ Dex+5} for 413 gold
                  | pieces
 25736 | Orc:2    | Bought a potion of cancellation for 88 gold pieces
 26160 | Orc:2    | Found Puikuacsi's Antique Armour Shop.
 26447 | Snake:1  | Entered Level 1 of the Snake Pit
 26468 | Snake:1  | Reached skill level 12 in Shields
 26597 | Snake:1  | Reached XP level 16. HP: 125/127 MP: 30/30
 27278 | Snake:1  | Identified the +6 lajatang of Tetot {flame, Stlth+}
 28971 | Snake:2  | Noticed a nagaraja
 28984 | Snake:2  | Killed a nagaraja
 29456 | Snake:3  | Found Qamerile's Distillery.
 29530 | Snake:3  | Found Zoedaykh's Assorted Antiques.
 29569 | Snake:3  | Noticed a nagaraja
 29583 | Snake:3  | Killed a nagaraja
 29793 | Snake:3  | Bought a potion of heal wounds for 80 gold pieces
 29793 | Snake:3  | Bought a potion of might for 64 gold pieces
 29798 | Snake:3  | Bought a pitted marble ring for 180 gold pieces
 29798 | Snake:3  | Identified the ring of Midsummer {+Fly Stlth+} (You bought
                  | it in a shop on level 3 of the Snake Pit)
 30427 | Snake:3  | Reached XP level 17. HP: 130/135 MP: 32/32
 31076 | Snake:4  | Entered Level 4 of the Snake Pit
 33396 | Snake:4  | Got a serpentine rune of Zot
 33656 | Swamp:1  | Entered Level 1 of the Swamp
 33668 | Swamp:1  | Reached skill level 13 in Shields
 34113 | Lair:4   | Gained mutation: Your body sometimes deteriorates upon
                  | taking damage. [mutagenic glow]
 34115 | Lair:4   | HP: 2/136 [alligator (14)]
 34131 | Lair:4   | HP: 2/136 [alligator (12)]
 34507 | Swamp:1  | Reached skill level 10 in Conjurations
 34507 | Swamp:1  | Reached skill level 10 in Hexes
 34507 | Swamp:1  | Reached skill level 10 in Charms
 34507 | Swamp:1  | Reached skill level 10 in Summonings
 34507 | Swamp:1  | Reached skill level 10 in Necromancy
 34507 | Swamp:1  | Reached skill level 10 in Translocations
 34507 | Swamp:1  | Reached skill level 10 in Transmutations
 34507 | Swamp:1  | Reached skill level 10 in Fire Magic
 34507 | Swamp:1  | Reached skill level 10 in Ice Magic
 34507 | Swamp:1  | Reached skill level 10 in Air Magic
 34507 | Swamp:1  | Reached skill level 10 in Earth Magic
 34507 | Swamp:1  | Reached skill level 10 in Poison Magic
 34691 | Swamp:1  | Identified the +6 flail of Ostet {protect, rElec}
 34847 | Swamp:1  | Reached XP level 18. HP: 122/143 MP: 30/33
 37170 | Swamp:3  | Noticed Louise
 37189 | Swamp:3  | Killed Louise
 37251 | Swamp:3  | Noticed Nikola
 37275 | Swamp:3  | Killed Nikola
 37673 | Swamp:3  | Found a shimmering altar of Xom.
 38228 | Swamp:4  | Entered Level 4 of the Swamp
 38885 | Swamp:4  | Noticed the 27-headed Lernaean hydra
 38903 | Swamp:4  | Killed the 27-headed Lernaean hydra
 39384 | Swamp:4  | Reached XP level 19. HP: 111/151 MP: 29/35
 39421 | Swamp:4  | Got a decaying rune of Zot
 40502 | Vaults:1 | Entered Level 1 of the Vaults
 40676 | Vaults:1 | Identified the +4 arbalest "Wizoicl Gada" {penet, rElec
                  | rC+}
 42157 | Vaults:1 | Found Olequd's Armour Boutique.
 42207 | Vaults:1 | Reached skill level 14 in Shields
 43071 | Vaults:2 | Found an ancient bone altar of Kikubaaqudgha.
 43643 | Vaults:2 | Found a staircase to the Crypt.
 43928 | Vaults:2 | Reached XP level 20. HP: 159/159 MP: 36/36
 44228 | Crypt:1  | Entered Level 1 of the Crypt
 46035 | Vaults:3 | Noticed Xtahua
 46054 | Vaults:3 | Killed Xtahua
 47085 | Vaults:4 | Reached XP level 21. HP: 134/166 MP: 19/38
 48370 | Vaults:4 | Found Tor Riv's Weapon Emporium.
 49141 | Elf:1    | Entered Level 1 of the Elven Halls
 49141 | Elf:1    | Found a flickering gateway to a bazaar.
 49148 | Elf:1    | Reached skill level 15 in Fighting
 49148 | Elf:1    | Reached skill level 15 in Armour
 49148 | Elf:1    | Reached skill level 15 in Shields
 49178 | Bazaar   | Entered a bazaar
 49181 | Bazaar   | Found Ugunirug's Distillery.
 49183 | Bazaar   | Found Wesom's Antique Armour Boutique.
 49189 | Bazaar   | Found Eptydghoh's Weapon Shop.
 49189 | Bazaar   | Found Pops's Book Boutique.
 49212 | Bazaar   | Bought the Disquisition on Clay for 685 gold pieces
 49218 | Bazaar   | Bought a potion of mutation for 88 gold pieces
 49218 | Bazaar   | Bought a potion of curing for 33 gold pieces
 49218 | Bazaar   | Bought a potion of heal wounds for 55 gold pieces
 49218 | Bazaar   | Bought 2 potions of might for 88 gold pieces
 49218 | Bazaar   | Bought a potion of magic for 88 gold pieces
 49218 | Bazaar   | Bought a potion of cancellation for 88 gold pieces
 49465 | Elf:1    | Learned a level 5 spell: Borgnjor's Vile Clutch
 49553 | Elf:1    | Reached skill level 15 in Invocations
 51459 | Elf:2    | Found a huge runed translucent gate.
 51460 | Elf:2    | Found a huge runed translucent gate.
 51460 | Elf:2    | Found a huge runed translucent gate.
 51461 | Elf:2    | Found a huge runed translucent gate.
 51461 | Elf:2    | Found a huge runed translucent gate.
 51655 | Elf:2    | Found Canena's Magic Scroll Boutique.
 51658 | Elf:2    | Bought a scroll of enchant weapon for 142 gold pieces
 51658 | Elf:2    | Bought a scroll of fog for 38 gold pieces
 51658 | Elf:2    | Bought a scroll of teleportation for 57 gold pieces
 51658 | Elf:2    | Bought a scroll of fear for 66 gold pieces
 51885 | Elf:2    | Reached XP level 22. HP: 155/175 MP: 32/40
 52589 | Elf:3    | Entered Level 3 of the Elven Halls
 52654 | Elf:3    | Found Xupt's Antique Armour Shop.
 52670 | Elf:3    | Bought the +1 cloak of Starlight {rElec rC+ EV+4 Stlth--}
                  | for 1335 gold pieces
 52670 | Elf:3    | Found the +1 cloak of Starlight {rElec rC+ EV+4 Stlth--}
 52686 | Elf:3    | Identified the +2 lajatang of Deiska {flame, +Inv MP+9
                  | Str+4}
 52710 | Elf:3    | Found a frozen archway.
 52718 | IceCv    | Entered an ice cave
 53024 | IceCv    | Got the uncursed pair of gloves of Nesihef {Int+5}
 53035 | IceCv    | Identified the +1 pair of gloves of Nesihef {Int+5} (You
                  | found it in an ice cave)
 53863 | Elf:3    | Noticed Donald
 53893 | Elf:3    | Killed Donald
 54016 | Elf:3    | Cast into level 3 of the Abyss (a deep elf demonologist)
 54023 | Abyss:3  | Found an ancient bone altar of Kikubaaqudgha.
 54280 | Abyss:3  | Gained mutation: You tend to lose your temper in combat. [a
                  | neqoxec]
 54299 | Abyss:3  | Found a corrupted altar of Lugonu.
 54358 | Elf:3    | Escaped the Abyss
 54851 | Elf:3    | Reached skill level 15 in Short Blades
 55046 | Elf:3    | Found the ring of the Octopus King {AC+1 EV+1 Str+1 Int+1
                  | Dex+1 Stlth+}
 55046 | Elf:3    | Found the ring of the Octopus King {AC+1 EV+1 Str+1 Int+1
                  | Dex+1 Stlth+}
 55046 | Elf:3    | Identified the amulet "Sotuxzoy" {rElec rC+ Regen+}
 55852 | Depths:1 | Entered Level 1 of the Depths
 56574 | Depths:1 | Found a gateway to Hell.
 56602 | Depths:1 | Reached XP level 23. HP: 170/183 MP: 41/41
 56766 | Depths:1 | Reached skill level 16 in Shields
 57478 | Depths:1 | Noticed a juggernaut
 57508 | Depths:1 | Killed a juggernaut
 57935 | Depths:2 | Identified Vehumet's Reference Book on Conjuration and
                  | Lightness
 58142 | Depths:2 | Found a basalt altar of Yredelemnul.
 58530 | Depths:2 | Reached skill level 15 in Long Blades
 58530 | Depths:2 | Reached skill level 15 in Axes
 58530 | Depths:2 | Reached skill level 15 in Maces & Flails
 58530 | Depths:2 | Reached skill level 15 in Polearms
 58530 | Depths:2 | Reached skill level 15 in Staves
 58530 | Depths:2 | Reached skill level 15 in Slings
 58530 | Depths:2 | Reached skill level 15 in Bows
 58530 | Depths:2 | Reached skill level 15 in Crossbows
 58530 | Depths:2 | Reached skill level 15 in Throwing
 58530 | Depths:2 | Reached skill level 15 in Dodging
 58530 | Depths:2 | Reached skill level 15 in Stealth
 58530 | Depths:2 | Reached skill level 15 in Unarmed Combat
 58530 | Depths:2 | Reached skill level 15 in Spellcasting
 58530 | Depths:2 | Reached skill level 15 in Evocations
 58818 | Depths:2 | Found Zasomm's One-of-a-Kind Books.
 58878 | Depths:2 | Identified the cursed +0 dire flail of Kugolue {protect,
                  | rC+ Str+2}
 58991 | Hell     | Entered the Vestibule of Hell
 58991 | Hell     | Noticed Geryon
 59023 | Depths:3 | Found a one-way gate leading to the halls of Pandemonium.
 59098 | Depths:3 | Found a gateway to a ziggurat.
 59374 | Depths:3 | Identified the amulet "Esudiret" {Acrobat *Slow rPois Str+2
                  | Dex+4}
 59389 | Depths:3 | Found a one-way gate to the infinite horrors of the Abyss.
 59413 | Depths:3 | Noticed a golden dragon
 59414 | Depths:3 | Noticed a caustic shrike
 59429 | Depths:3 | Killed a golden dragon
 59442 | Depths:3 | Killed a caustic shrike
 59582 | Depths:3 | Reached XP level 24. HP: 172/191 MP: 32/42
 60516 | Depths:4 | Reached skill level 17 in Shields
 61228 | Depths:4 | Noticed a caustic shrike
 61247 | Depths:4 | Killed a caustic shrike
 61954 | Depths:4 | Identified the +1 leather armour of Ennui {rC++ MR+++
                  | Str-2}
 62283 | Depths:5 | Entered Level 5 of the Depths
 62283 | Depths:5 | Found Lidaimma's Antique Armour Boutique.
 63163 | Depths:5 | Found a gate to the Realm of Zot.
 63200 | Depths:5 | Reached XP level 25. HP: 109/200 MP: 32/42
 63417 | Depths:5 | Reached skill level 18 in Shields
 63875 | Vaults:5 | Entered Level 5 of the Vaults
 64072 | Vaults:5 | Identified the cursed ring "Yto Byfu" {MR+ AC-4}
 65076 | Vaults:5 | Learned a level 5 spell: Aura of Abjuration
 65086 | Vaults:5 | Identified the Handbook of Good Luck and Stolen Souls
 65522 | Vaults:5 | Identified the +10 war axe of Ololisin {elec, rC+ MR-
                  | Int+3}
 65621 | Vaults:5 | Identified the +2 quick blade of the Crushed Artists {elec,
                  | rElec rPois Int+4}
 65667 | Vaults:5 | Reached XP level 26. HP: 208/208 MP: 43/43
 65779 | Vaults:5 | Got a silver rune of Zot
 65921 | Vaults:5 | Identified the +9 scimitar of Etihof {drain, rN+++ Str+9
                  | Int-5}
 65972 | Vaults:5 | Noticed an ancient lich
 66001 | Vaults:5 | Killed an ancient lich
 66216 | Vaults:5 | Reached skill level 19 in Shields
 66732 | Orc:2    | Bought a scroll of enchant armour for 105 gold pieces
 66732 | Orc:2    | Bought a scroll of enchant armour for 105 gold pieces
 66734 | Orc:2    | Bought 3 scrolls of magic mapping for 147 gold pieces
 66812 | Elf:2    | Bought a scroll of enchant armour for 142 gold pieces
 67363 | Elf:3    | Bought a pair of embroidered boots for 225 gold pieces
 67679 | Zot:1    | Entered Level 1 of the Realm of Zot
 67685 | Zot:1    | Identified the +6 great sword of the Median {vorpal, +Fly
                  | MP+9 Str+6}
 67901 | Zot:1    | HP: 10/209 [green draconian monk (4)]
 67906 | Zot:1    | HP: 6/209 [red draconian stormcaller/divine providence
                  | (10)]
 68033 | Zot:1    | Identified the cursed +2 spear of the Tooth {vorpal, +Fly}
 68933 | Zot:1    | Identified the amulet of Veepau {Regen+ Str+4 Int+3}
 71466 | Zot:2    | Reached XP level 27. HP: 125/217 MP: 43/44
 72090 | Zot:3    | Lost mutation: You tend to lose your temper in combat.
                  | [potion of mutation]
 72090 | Zot:3    | Lost mutation: Your body sometimes deteriorates upon taking
                  | damage. [potion of mutation]
 72090 | Zot:3    | Gained mutation: You are resistant to hostile enchantments.
                  | (MR+) [potion of mutation]
 72090 | Zot:3    | Gained mutation: You have large cloven feet. [potion of
                  | mutation]
 72090 | Zot:3    | Gained mutation: You are partially covered in molten
                  | scales. (AC +2) [potion of mutation]
 72090 | Zot:3    | Gained mutation: You are agile. (Dex +2) [potion of
                  | mutation]
 72314 | Zot:3    | Reached skill level 20 in Shields
 73238 | Zot:3    | Found the +10 morningstar "Eos" {elec, Halo rElec}
 73515 | Zot:3    | Reached skill level 15 in Conjurations
 73515 | Zot:3    | Reached skill level 15 in Hexes
 73515 | Zot:3    | Reached skill level 15 in Charms
 73515 | Zot:3    | Reached skill level 15 in Summonings
 73515 | Zot:3    | Reached skill level 15 in Necromancy
 73515 | Zot:3    | Reached skill level 15 in Translocations
 73515 | Zot:3    | Reached skill level 15 in Transmutations
 73515 | Zot:3    | Reached skill level 15 in Fire Magic
 73515 | Zot:3    | Reached skill level 15 in Ice Magic
 73515 | Zot:3    | Reached skill level 15 in Air Magic
 73515 | Zot:3    | Reached skill level 15 in Earth Magic
 73515 | Zot:3    | Reached skill level 15 in Poison Magic
 74011 | Zot:3    | Found a shadowy altar of Dithmenos.
 76026 | Zot:5    | Entered Level 5 of the Realm of Zot
 76388 | Zot:5    | Identified the cursed +2 flail of Dim Light {antimagic,
                  | Str+3 Stlth+}
 76563 | Zot:5    | Reached skill level 21 in Shields
 76881 | Zot:5    | Noticed an ancient lich
 76894 | Zot:5    | Killed an ancient lich
 76960 | Zot:5    | Noticed an orb of fire
 76983 | Zot:5    | Killed an orb of fire
 77123 | Zot:5    | Noticed an orb of fire
 77141 | Zot:5    | Gained mutation: You are frail. (-10% HP) [an orb of fire]
 77143 | Zot:5    | Lost mutation: You are agile. (Dex +2) [an orb of fire]
 77149 | Zot:5    | Gained mutation: Your magical capacity is low. (-10% MP)
                  | [an orb of fire]
 77153 | Zot:5    | Gained mutation: Your magical capacity is very low. (-20%
                  | MP) [an orb of fire]
 77157 | Zot:5    | Killed an orb of fire
 77252 | Zot:5    | Gained mutation: You do not regenerate when monsters are
                  | visible. [mutagenic glow]
 77320 | Zot:5    | Got the Orb of Zot
 77331 | Zot:5    | Gained mutation: You are weak. (Str -2) [mutagenic glow]
 77355 | Zot:5    | Gained mutation: Your body sometimes deteriorates upon
                  | taking damage. [mutagenic glow]
 77406 | Zot:5    | Noticed an orb of fire
 77412 | Zot:5    | Noticed an orb of fire
 77419 | Zot:5    | Gained mutation: Your spells are a little easier to cast,
                  | but a little less powerful. [an orb of fire]
 77695 | Depths:1 | Noticed Zaukal the pandemonium lord
 77709 | D:15     | Killed Zaukal the pandemonium lord
 77734 | D:15     | Noticed Uketyoc the pandemonium lord
 77805 | D:15     | Killed Uketyoc the pandemonium lord
 77936 | D:11     | Noticed Ypsatigo the pandemonium lord
 78170 | D:$      | Escaped with the Orb!

Illustrated notes

Levels and vault maps discovered:
D:1:      scummos_arrival_simple_fountains, layout_rooms, minmay_cupped
D:2:      minmay_inner_zag, layout_basic, lemuel_zombie_altar_kikubaaqudgha,
          lemuel_blue_sif_altar
D:3:      layout_basic, cheibriados_altar_1, minivault_14,
          nicolae_ru_sacrificial_ziggurat
D:4:      layout_loops_cross, minmay_temple_entry_slanted, grunt_qazlal_clouds,
          uniq_eustachio
D:5:      layout_rooms, kennysheep_mini, first_ration,
          minmay_hollow_rounded_squares, uniq_edmund
D:6:      layout_rooms, grunt_temple_overflow_order_and_chaos_1,
          nicolae_overflow_crystal_walls, gammafunk_temple_overflow_wave,
          portal_sewer_entry_d, dk_vineyard_3, xom_redecorated
D:7:      layout_basic, makhleb_altar_promises_db, serial_glass,
          glass_columns_c, glass_columns_a
D:8:      cheibrodos_frozen_isle, layout_loops_ring, vehumet_altar_wand_db,
          uniq_maggie
D:9:      kennysheep_orc_sif_temple, layout_loops_ring, elyvilon_altar_3,
          overflow_temple_1_default
D:10:     minmay_the_grid_net [minmay_the_grid_eight, minmay_the_grid_x,
          minmay_the_grid_all_tris, minmay_the_grid_dragon_b,
          minmay_the_grid_mess, minmay_the_grid_prize_big_room], layout_basic,
          david_lair_shrubbed, gammafunk_ghost_hydra_chop
D:11:     layout_rooms, orc_0_dummy, uniq_snorg
D:12:     layout_loops_ring, serial_shops, shop, grunt_ministairs_9, uniq_azrael
D:13:     layout_loops_ring, david_vaults_4
D:14:     layout_gridville, hex_medium
D:15:     grunt_enter_depths_hoard, layout_irregular_city, fedhas_altar_1,
          serial_co_window_serial, co_window_of_opportunity_a,
          co_window_paths_a, co_window_corner_a, co_window_paths_a,
          co_window_paths_b, co_window_2corner, co_window_2corner,
          co_window_of_opportunity_c, co_window_corner_ca, co_window_corner_b,
          glass_columns_a, glass_columns_a, glass_columns_c, glass_columns_c,
          glass_columns_b, ashenzari_altar_1
Temple:   compressed_dpeg_triangle_lava_temple
Lair:1:   layout_regular_city
Lair:2:   layout_hall_layers, minivault_19, bobbens_dragon_lair_wall,
          lemuel_fruit_fields
Lair:3:   layout_gridlike, guppyfry_snake_entry_garden
Lair:4:   layout_regular_city, minmay_swamp_entry_reptiles,
          minmay_stone_trees_medium, lemuel_fruit_fields,
          infiniplex_staircase_pool_2, lemuel_fruit_tree
Lair:5:   layout_cave_pods, gauntlet_entry_generic, hibernation_bobbens
Lair:6:   gammafunk_lair_ancient_temple, layout_long_grid, slime_altar_1
Swamp:1:  layout_basic_swamp, nicolae_swamp_very_dense_foliage, swamp_pool1
Swamp:2:  layout_basic_swamp, infiniplex_staircase_pool
Swamp:3:  layout_falls_marsh, basic_altar, swamp_pool2, uniq_nikola, uniq_louise
Swamp:4:  swamp_old_school, layout_basic_swamp
Snake:1:  layout_rooms
Snake:2:  layout_misc_corridors, hangedman_snake_corridor_split
Snake:3:  layout_honeycomb, minmay_shop_star
Snake:4:  minmay_snake_end_coiled, layout_cave_town, drop_trap
Orc:1:    layout_diamond_mine, serial_shops, nicolae_shop_window_shopping,
          bloody_trog
Orc:2:    grunt_orc_cross, layout_caves, serial_shops, shop_statue,
          statue_in_the_mist_lemuel, nicolae_orc_flooded_monolith,
          nicolae_orc_bridge_out
Elf:1:    kennysheep_six_static_rooms, layout_geoelf_diagonals, serial_shops,
          bzr_entry_lakeside, evilmike_minifort
Elf:2:    layout_loops_ring, serial_shops, shop
Elf:3:    elf_hall_gauntlet_narrow, layout_loops_ring, serial_shops, shop,
          portal_ice_cave_entry_pillars_four, uniq_donald
Vaults:1: ontoclasm_vaults_ring_small, v_misc_28,
          nicolae_vaults_little_squares_6, nicolae_vaults_network_square,
          st_smaller_cells, v_misc_9, nicolae_vaults_yaktaur_gun_rack,
          hangedman_vaults_maws, serial_ice_h, vaults_room_corners,
          layout_vaults_big_room, serial_shops, shop_statue
Vaults:2: nicolae_vaults_network_barrier, grunt_vaults_funnel,
          grunt_vaults_focal, ontoclasm_vaults_gateway,
          minmay_crypt_entry_simple_plaza, v_pattern_5, vaults_room_pools,
          nicolae_vaults_shelves_hall, nicolae_vaults_mini_display_case,
          v_rooms_1, ontoclasm_vaults_shuriken, layout_vaults_omnibox,
          basic_altar, portal_desolation_entry_nicolae_slug
Vaults:3: hangedman_vaults_stream, v_misc_32, v_misc_10, vaults_room_fours,
          vaults_room_boxed, v_misc_29, vaults_room_pools,
          ontoclasm_vaults_ring_small, vaults_dpeg_diagonal, vaults_dpeg_hooks,
          layout_vaults_quadrants, uniq_xtahua
Vaults:4: v_misc_4, ontoclasm_vaults_ligature, nicolae_vaults_little_squares_2,
          nicolae_vaults_triangles, nicolae_vaults_border_crossing,
          hangedman_vaults_unwind, ontoclasm_vaults_shout,
          ontoclasm_vaults_claustrophobia, v_misc_17, vaults_dpeg_cross,
          ontoclasm_vaults_chip, nicolae_vaults_angled_halls,
          layout_vaults_ring, serial_shops, shop
Vaults:5
Crypt:1:  layout_basic, roderic_lattice_octagonal_star,
          grunt_crypt_arrival_webbed
Depths:1: layout_long_grid, hell_entry, hangedman_decor_lopped,
          kennysheep_two_boxes
Depths:2: minmay_box_of_statues, layout_gridlike, pf_coc_iceberg,
          lemuel_statue_altar, roderic_roman_lattice, dk_noncrumbling_3,
          nicolae_rare_books, minivault_16
Depths:3: minmay_complete_graph, layout_basic, ziggurat_fallback, pan_entry,
          abyss_entry, pf_hell_entry_tar_spiral, nicolae_water_bricks
Depths:4: minmay_inside_and_out, layout_gridlike, hell_entry,
          abyss_entry_crystal, minmay_fractal_squares_diagonal_5,
          infiniplex_staircase_trident
Depths:5: grunt_crosshair, layout_cave_pools, pf_hell_entry_great_geh,
          serial_shops, shop, nicolae_abyss_entry_one_way_or_another
Hell
Zot:1:    layout_misc_corridors, st_small_dragon_hoard_5,
          st_single_dragon_hoard_1
Zot:2:    layout_gridlike
Zot:3:    lemuel_halls_of_wrath, layout_onion_interference, basic_altar,
          hangedman_elemental_corridor
Zot:4:    kennysheep_spiral_hall, layout_twisted_circle
Zot:5:    layout_basic, grunt_ministairs_5

Skill      XL: |  1  2  3  4  5  6  7  8  9 10 11 12 13 14 15 16 17 18 19 20 21 22 23 24 25 26 27 |
---------------+----------------------------------------------------------------------------------+-----
Invocations    | 1 2 3 4 5 6 7 8 9 10 11 12 13 14 15 16 17 18 19 | 19.6
Long Blades    | 1 2 3 4 5 6 7 8 9 10 11 12 13 14 15 16 17 18 | 18.2
Axes           | 1 2 3 4 5 6 7 8 9 10 11 12 13 14 15 16 17 18 | 18.2
Maces & Flails | 1 2 3 4 5 6 7 8 9 10 11 12 13 14 15 16 17 18 | 18.2
Polearms       | 1 2 3 4 5 6 7 8 9 10 11 12 13 14 15 16 17 18 | 18.2
Staves         | 1 2 3 4 5 6 7 8 9 10 11 12 13 14 15 16 17 18 | 18.2
Slings         | 1 2 3 4 5 6 7 8 9 10 11 12 13 14 15 16 17 18 | 18.2
Bows           | 1 2 3 4 5 6 7 8 9 10 11 12 13 14 15 16 17 18 | 18.2
Crossbows      | 1 2 3 4 5 6 7 8 9 10 11 12 13 14 15 16 17 18 | 18.2
Throwing       | 1 2 3 4 5 6 7 8 9 10 11 12 13 14 15 16 17 18 | 18.2
Dodging        | 1 2 3 4 5 6 7 8 9 10 11 12 13 14 15 16 17 18 | 18.2
Stealth        | 1 2 3 4 5 6 7 8 9 10 11 12 13 14 15 16 17 18 | 18.2
Unarmed Combat | 1 2 3 4 5 6 7 8 9 10 11 12 13 14 15 16 17 18 | 18.2
Spellcasting   | 1 2 3 4 5 6 7 8 9 10 11 12 13 14 15 16 17 18 | 18.2
Evocations     | 1 2 3 4 5 6 7 8 9 10 11 12 13 14 15 16 17 18 | 18.2
Conjurations   | 1 2 3 4 5 6 7 8 9 10 11 12 13 14 15 | 15.7
Hexes          | 1 2 3 4 5 6 7 8 9 10 11 12 13 14 15 | 15.7
Charms         | 1 2 3 4 5 6 7 8 9 10 11 12 13 14 15 | 15.7
Summonings     | 1 2 3 4 5 6 7 8 9 10 11 12 13 14 15 | 15.7
Necromancy     | 1 2 3 4 5 6 7 8 9 10 11 12 13 14 15 | 15.7
Translocations | 1 2 3 4 5 6 7 8 9 10 11 12 13 14 15 | 15.7
Transmutations | 1 2 3 4 5 6 7 8 9 10 11 12 13 14 15 | 15.7
Fire Magic     | 1 2 3 4 5 6 7 8 9 10 11 12 13 14 15 | 15.7
Ice Magic      | 1 2 3 4 5 6 7 8 9 10 11 12 13 14 15 | 15.7
Air Magic      | 1 2 3 4 5 6 7 8 9 10 11 12 13 14 15 | 15.7
Earth Magic    | 1 2 3 4 5 6 7 8 9 10 11 12 13 14 15 | 15.7
Poison Magic   | 1 2 3 4 5 6 7 8 9 10 11 12 13 14 15 | 15.7
Short Blades   | 5 6 7 8 9 10 11 12 13 14 15 16 17 18 | 18.7
Fighting       | 7 8 9 10 11 12 13 14 15 16 17 19 | 19.0
Armour         | 7 8 9 10 11 12 13 14 15 16 17 19 | 19.0
Shields        | 7 8 9 10 11 12 13 14 15 16 17 18 19 21 | 21.7

Action                   |  1- 3 |  4- 6 |  7- 9 | 10-12 | 13-15 | 16-18 | 19-21 | 22-24 | 25-27 || total
-------------------------+-------+-------+-------+-------+-------+-------+-------+-------+-------++-------
Melee: Rapier            |    96 |   249 |   216 |       |       |       |       |       |       ||   561
       Bite              |    10 |    34 |    52 |    59 |   182 |   262 |   352 |   475 |   670 ||  2096
       Morningstar       |       |       |   113 |   559 |  1172 |  1379 |   496 |       |       ||  3719
       Demon trident     |       |       |       |       |       |       |  1542 |  2608 |  3337 ||  7487
Throw: Boomerang         |       |       |       |       |     5 |     7 |       |       |     8 ||    20
 Cast: Ozocubu's Armour  |       |       |       |    30 |    91 |    69 |    38 |     8 |       ||   236
       Frozen Ramparts   |       |       |       |    20 |    53 |    24 |     7 |     2 |       ||   106
       Irradiate         |       |       |       |       |       |    22 |    32 |    31 |    31 ||   116
       Summon Lightning  |       |       |       |       |       |     1 |    16 |     2 |     1 ||    20
       Borgnjor's Vile C |       |       |       |       |       |       |     2 |    12 |    30 ||    44
       Aura of Abjuratio |       |       |       |       |       |       |       |       |     7 ||     7
Invok: Curse Item        |       |       |     1 |     1 |       |       |       |       |     9 ||    11
 Abil: Evoke Flight      |       |       |       |       |     1 |     1 |       |     1 |       ||     3
Evoke: Box of beasts     |       |       |       |     2 |       |       |       |       |       ||     2
       Wand              |       |       |       |     1 |     5 |     2 |     1 |     2 |     3 ||    14
       Lightning rod     |       |       |       |     1 |       |       |       |       |       ||     1
       Phantom mirror    |       |       |       |       |       |     1 |       |     1 |       ||     2
  Use: Scroll            |     1 |     5 |       |    11 |     8 |     5 |    11 |     8 |    17 ||    66
       Potion            |       |       |     1 |       |     3 |     5 |     1 |     4 |    18 ||    32
 Stab: Distracted        |       |       |       |     2 |     6 |     2 |    13 |    10 |     9 ||    42
       Sleeping          |       |       |       |     4 |    22 |    20 |    36 |    16 |    10 ||   108
       Held in net/web   |       |       |       |       |       |       |       |       |     1 ||     1
  Eat: Chunk             |       |     8 |     9 |    18 |    44 |    16 |    42 |    31 |    24 ||   192
       Ration            |       |       |       |     2 |     1 |     9 |     2 |     3 |     8 ||    25
Armor: Scale mail        |    48 |    57 |       |       |       |       |       |       |       ||   105
       Plate armour      |       |    41 |   149 |    80 |       |       |       |       |       ||   270
       Steam dragon scal |       |       |       |    95 |   233 |   301 |   255 |    43 |       ||   927
       Pearl dragon scal |       |       |       |       |       |       |       |   337 |   556 ||   893
Dodge: Dodged            |    12 |    54 |    61 |   290 |   461 |   739 |   709 |  1031 |  1277 ||  4634
Block: Kite shield       |    65 |   120 |   161 |   440 |   958 |  1504 |  1494 |  1857 |   663 ||  7262
       Reflection        |       |       |       |       |    28 |    96 |   132 |   112 |    51 ||   419
       Tower shield      |       |       |       |       |       |       |       |       |  2118 ||  2118

Table legend:
 A = Non-vault XP
 B = Vault XP
 C = Vault XP percentage of total XP
 D = Non-vault monster count
 E = Vault monster count
 F = Vault count percentage of total count
                 A         B        C        D         E       F
            +---------+---------+-------+---------+---------+-------
      Total |  909767 |  682088 |  42.8 |    1651 |     738 |  30.9
            +---------+---------+-------+---------+---------+-------
        D:1 |      41 |       3 |   6.8 |      22 |       3 |  12.0
        D:2 |     109 |      52 |  32.3 |      25 |      11 |  30.6
        D:3 |      24 |       0 |   0.0 |      13 |       0 |   0.0
        D:4 |     361 |     182 |  33.5 |      23 |       1 |   4.2
        D:5 |     604 |    1296 |  68.2 |      11 |      11 |  50.0
        D:6 |     781 |      13 |   1.6 |      20 |       1 |   4.8
        D:7 |    1637 |       0 |   0.0 |      25 |       0 |   0.0
        D:8 |    2597 |     381 |  12.8 |      29 |       2 |   6.5
        D:9 |    2069 |    1993 |  49.1 |      20 |       7 |  25.9
       D:10 |    5488 |    2988 |  35.3 |      44 |      16 |  26.7
       D:11 |    3513 |    1048 |  23.0 |      33 |       1 |   2.9
       D:12 |    5619 |    3101 |  35.6 |      25 |      11 |  30.6
       D:13 |    8486 |    1873 |  18.1 |      45 |       3 |   6.2
       D:14 |    4961 |       0 |   0.0 |      24 |       0 |   0.0
       D:15 |   12037 |    1978 |  14.1 |      32 |       2 |   5.9
     Lair:1 |    2527 |       0 |   0.0 |      11 |       0 |   0.0
     Lair:2 |    6368 |    5740 |  47.4 |      19 |      22 |  53.7
     Lair:3 |    2116 |       0 |   0.0 |      12 |       0 |   0.0
     Lair:4 |    9930 |     309 |   3.0 |      26 |       4 |  13.3
     Lair:5 |    3161 |     484 |  13.3 |      15 |       1 |   6.2
     Lair:6 |   10349 |    8511 |  45.1 |      35 |      24 |  40.7
    Swamp:1 |   23609 |       0 |   0.0 |      53 |       0 |   0.0
    Swamp:2 |   13860 |       0 |   0.0 |      36 |       0 |   0.0
    Swamp:3 |   20944 |    5026 |  19.4 |      45 |       2 |   4.3
    Swamp:4 |   15439 |   17417 |  53.0 |      34 |      24 |  41.4
    Snake:1 |   10219 |       0 |   0.0 |      26 |       0 |   0.0
    Snake:2 |   26735 |    5785 |  17.8 |      52 |      14 |  21.2
    Snake:3 |   18903 |       0 |   0.0 |      33 |       0 |   0.0
    Snake:4 |    9432 |   26870 |  74.0 |      19 |      45 |  70.3
      Orc:1 |     955 |       0 |   0.0 |      13 |       0 |   0.0
      Orc:2 |    1985 |    7782 |  79.7 |      45 |      34 |  43.0
      Elf:1 |   31943 |    3597 |  10.1 |      48 |       6 |  11.1
      Elf:2 |   11220 |   22064 |  66.3 |      19 |      29 |  60.4
      Elf:3 |   10552 |   34969 |  76.8 |      19 |      23 |  54.8
   Vaults:1 |   26155 |   16349 |  38.5 |      51 |      31 |  37.8
   Vaults:2 |   27494 |   10199 |  27.1 |      52 |      16 |  23.5
   Vaults:3 |   51033 |   30926 |  37.7 |      84 |      44 |  34.4
   Vaults:4 |   30655 |   23199 |  43.1 |      53 |      34 |  39.1
   Vaults:5 |   28324 |  127582 |  81.8 |      49 |      89 |  64.5
   Depths:1 |   56914 |   10912 |  16.1 |      77 |       4 |   4.9
   Depths:2 |   10168 |   25813 |  71.7 |      17 |      21 |  55.3
   Depths:3 |   22681 |   34932 |  60.6 |      35 |      24 |  40.7
   Depths:4 |   45116 |   27396 |  37.8 |      53 |      20 |  27.4
   Depths:5 |   37639 |   30537 |  44.8 |      40 |      17 |  29.8
      Zot:1 |   90224 |   12501 |  12.2 |      60 |       5 |   7.7
      Zot:2 |   41466 |    4163 |   9.1 |      17 |       1 |   5.6
      Zot:3 |   71655 |   52467 |  42.3 |      41 |      52 |  55.9
      Zot:4 |   59169 |    4651 |   7.3 |      31 |       4 |  11.4
      Zot:5 |   15486 |  102681 |  86.9 |      11 |      30 |  73.2
    Abyss:3 |   17014 |       0 |   0.0 |      29 |       0 |   0.0
      Sewer |       0 |     133 | 100.0 |       0 |      12 | 100.0
      IceCv |       0 |    8896 | 100.0 |       0 |      22 | 100.0
   Gauntlet |       0 |    5289 | 100.0 |       0 |      15 | 100.0
            +---------+---------+-------+---------+---------+-------
